 Dungeon Crawl Stone Soup version 0.24-a0-269-g32ec7ca (webtiles) character file.

Game seed: 15096757417913040917

123 Gunnerkreig the Sneak (level 5, -1/34 HPs)
             Began as an Octopode Wizard on Apr 22, 2019.
             Killed from afar by Natasha (7 damage)
             ... with a magic dart
             ... on level 2 of the Dungeon.
             The game lasted 00:05:14 (2238 turns).

Gunnerkreig the Sneak (Octopode Wizard)             Turns: 2238, Time: 00:05:15

Health: -1/34      AC:  1    Str:  6    XL:     5   Next: 7%
Magic:  2/10       EV: 13    Int: 22    God:
Gold:   71         SH:  0    Dex: 10    Spells: 2/11 levels left

rFire    . . .     SeeInvis .   i - +0 dagger
rCold    . . .     Gourm    .   (no shield)
rNeg     . . .     Faith    .   a - +0 hat
rPois    .         Spirit   .   (no amulet)
rElec    .         Reflect  .   (no ring)
rCorr    .         Harm     .   (no ring)
MR       .....                  (no ring)
Stlth    +++.......             (no ring)
HPRegen  0.11/turn              (no ring)
MPRegen  0.12/turn              (no ring)
                                (no ring)
                                (no ring)

@: very slightly contaminated
A: almost no armour, stealthy swim, amphibious, 8 rings, constrict 8, camouflage
1, gelatinous body 1
a: no special abilities


You were on level 2 of the Dungeon.
You were very hungry.

You visited 1 branch of the dungeon, and saw 2 of its levels.

You collected 71 gold pieces.

Inventory:

Hand Weapons
 i - a +0 dagger (weapon)
Missiles
 b - 75 stones (quivered)
 o - 2 javelins
Armour
 a - a +0 hat (worn)
Scrolls
 d - 2 scrolls of immolation {unknown}
 e - 2 scrolls of remove curse
 f - a scroll of magic mapping {unknown}
 g - 2 scrolls of teleportation
 k - 3 scrolls of identify {unknown}
 l - a scroll of enchant armour {unknown}
Potions
 h - 3 potions of lignification {unknown}
 j - 2 potions of curing {unknown}
 n - a potion of cancellation {unknown}
Comestibles
 c - 4 rations


   Skills:
 + Level 1.7 Fighting
 - Level 2.0 Dodging
 + Level 4.0 Stealth
 + Level 3.5 Spellcasting
 * Level 3.0 Conjurations
 - Level 1.0 Summonings
   Level 1.0 Translocations


You had 2 spell levels left.
You knew the following spells:

 Your Spells              Type           Power        Failure   Level  Hunger
a - Magic Dart            Conj           ###.         3%          1    None
b - Conjure Flame         Conj/Fire      ##......     19%         3    ###....
c - Mephitic Cloud        Conj/Pois/Air  #.......     24%         3    ###....
d - Call Imp              Summ           #.......     12%         2    ##.....

Your spell library contained the following spells:

 Spells                   Type           Power        Failure   Level  Hunger
 Blink                    Tloc           N/A          12%         2    ##.....
 Slow                     Hex            #.......     19%         2    ##.....


Dungeon Overview and Level Annotations

Branches:
Dungeon (2/15)

Altars:

Annotations:
D:2 Natasha


Innate Abilities, Weirdness & Mutations

You cannot wear most types of armour.
You are very stealthy in the water. (Stealth+)
You are amphibious.
You can wear up to eight rings at the same time.
You can use your tentacles to constrict eight enemies at once.
Your skin changes colour to match your surroundings (Stealth+).
Your rubbery body absorbs attacks. (AC +1, EV +1)


Message History

You have reached level 5!
You feel clever.
The shadow imp shouts, "Fly, thou foppish hedge-born pimple!"
The crimson imp blinks!
Casting: Mephitic Cloud (safe; 24% risk of failure)
Confirm with . or Enter, or press ? or * to list all spells.
Aiming: Magic Dart (safe; 3% risk of failure)
Press: ? - help, Shift-Dir - straight line, f - Natasha
Aim: Natasha The magic dart hits Natasha.
Natasha is moderately wounded.
Natasha claws you!
* * * LOW HITPOINT WARNING * * *
The shadow imp shouts, "Get thee gone, thou puking rude-growing whip-jack!"
You closely miss Natasha. You grab Natasha.
Natasha is moderately wounded.
You constrict Natasha.
The crimson imp blinks!
Natasha casts a spell at you. The magic dart hits you!
You die...

####....####..####..####.#.#####.
#....# ##..#.(...#.##.#.#####.
♣PP.P♣ #...#......#.......)##. #
♣♣.P.♣ ###.#.(...#.##.#.##.@.. #
♣♣.♣♣ #........@...#.#####. #
♣♣.♣ ####(#########....... ♣.♣♣
#(# #######. ♣♣g♣ ####)#### ##h
♣.♣♣ #...@h..######### #.@ #'#
#.##.#..5.......# #.. # ...
###...§...###.....###.. # #...#
#.................#.... # #)..#
###5##.#..###.....#.#.# #####
#.......###.....#.#.#
#.##.#.......##...#.. #####
#.......############# #...#
####.#### ##>## #


You could see Natasha, a crimson imp and a shadow imp.

Vanquished Creatures
  Crazy Yiuf (D:2)
  Natasha (D:2)
  Terence (D:2)
  An adder (D:2)
  A worm (D:2)
  3 giant cockroaches (D:1)
  A goblin (D:1)
  5 hobgoblins
  5 kobolds
  2 quokkas (D:2)
  7 bats
  2 frilled lizards
  6 rats
36 creatures vanquished.

Notes
Turn   | Place    | Note
-------+----------+-------------------------------------------
     0 | D:1      | Gunnerkreig the Octopode Wizard began the quest for the
                  | Orb.
     0 | D:1      | Reached XP level 1. HP: 11/11 MP: 4/4
   226 | D:1      | Reached XP level 2. HP: 10/18 MP: 0/6
   328 | D:1      | Reached skill level 3 in Stealth
  1117 | D:2      | Reached XP level 3. HP: 18/22 MP: 1/7
  1272 | D:2      | Reached skill level 1 in Fighting
  1477 | D:2      | Noticed Terence
  1614 | D:2      | Learned a level 3 spell: Conjure Flame
  1618 | D:2      | Learned a level 3 spell: Mephitic Cloud
  1684 | D:2      | Noticed Natasha
  1706 | D:2      | Killed Natasha
  1706 | D:2      | Reached XP level 4. HP: 15/28 MP: 2/9
  2113 | D:2      | Found a runed translucent door.
  2117 | D:2      | Learned a level 2 spell: Call Imp
  2117 | D:2      | Noticed Crazy Yiuf
  2178 | D:2      | Noticed Natasha
  2218 | D:2      | Killed Crazy Yiuf
  2236 | D:2      | Killed Terence
  2236 | D:2      | Reached skill level 4 in Stealth
  2236 | D:2      | Reached XP level 5. HP: 14/34 MP: 2/10
  2238 | D:2      | Killed from afar by Natasha

Levels and vault maps discovered:
D:1:      dpeg_arrival_stonehenge_12_columns, layout_loops_ring
D:2:      layout_loops_cross, nicolae_overflow_hidden_temple, uniq_terence,
          uniq_crazy_yiuf_cottage, uniq_natasha

Skill      XL: |  1  2  3  4 |
---------------+-------------+-----
Stealth        | 3 4 |  4.0
Conjurations   | 2 3 |  3.0
Fighting       | 1 |  1.7
Dodging        | |  2.0
Spellcasting   | |  3.5
Summonings     | |  1.0
Translocations | |  1.0

Action                   |  1- 3 |  4- 6 || total
-------------------------+-------+-------++-------
Melee: Unarmed           |     4 |       ||     4
       Tentacles         |     9 |     6 ||    15
       Constrict         |     7 |     6 ||    13
       Dagger            |    25 |    23 ||    48
Throw: Stone             |       |     7 ||     7
 Cast: Magic Dart        |    61 |     5 ||    66
       Conjure Flame     |       |     2 ||     2
       Mephitic Cloud    |       |     1 ||     1
  Use: Scroll            |     2 |       ||     2
 Stab: Sleeping          |     2 |     3 ||     5
  Eat: Chunk             |     2 |     1 ||     3
Armor: Skin              |     5 |       ||     5
Dodge: Dodged            |    16 |    10 ||    26

Table legend:
 A = Non-vault XP
 B = Vault XP
 C = Vault XP percentage of total XP
 D = Non-vault monster count
 E = Vault monster count
 F = Vault count percentage of total count
                 A         B        C        D         E       F
            +---------+---------+-------+---------+---------+-------
      Total |      64 |     113 |  63.8 |      33 |       3 |   8.3
            +---------+---------+-------+---------+---------+-------
        D:1 |      27 |       0 |   0.0 |      18 |       0 |   0.0
        D:2 |      37 |     113 |  75.3 |      15 |       3 |  16.7
            +---------+---------+-------+---------+---------+-------
